 Dungeon Crawl Stone Soup version 0.30-a0-55-g90e3122c3a (webtiles) character file.

Game seed: 1501421872776232301

115 jlumianski the Trooper (level 4, -4/35 HPs)
             Began as a Demonspawn Fighter on Sept 9, 2022.
             Slain by gregwegmann's ghost (7 damage)
             ... on level 3 of the Dungeon.
             The game lasted 00:08:14 (1922 turns).

jlumianski the Trooper (Demonspawn Fighter)         Turns: 1922, Time: 00:08:14

Health: -4/35      AC:  9    Str: 17    XL:     4   Next: 68%
Magic:  4/4        EV:  9    Int:  9    God:
Gold:   198        SH:  5    Dex: 16    Spells: 3/3 levels left

rFire   . . .      SeeInvis .    a - +0 war axe
rCold   . . .      Faith    .    c - +0 buckler
rNeg    . . .      Spirit   .    b - +0 scale mail
rPois   .          Reflect  .    (helmet restricted)
rElec   .          Harm     .    f - +0 cloak
rCorr   .          Rampage  .    (no gloves)
Will    .....                    (no boots)
Stlth   ..........               (no amulet)
HPRegen 0.11/turn                (no ring)
MPRegen 0.09/turn                (no ring)

@: no status effects
A: horns 1, icy blue scales 1, claws 1, agile 1
a: no special abilities


You were on level 3 of the Dungeon.
You visited 1 branch of the dungeon, and saw 3 of its levels.

You collected 198 gold pieces.

Inventory:

Hand Weapons
 a - a +0 war axe (weapon)
 k - a +3 sling
Missiles
 h - 45 stones (quivered)
Armour
 b - a +0 scale mail (worn)
 c - a +0 buckler (worn)
 f - a +0 cloak (worn)
Jewellery
 r - a ring of fire
Scrolls
 e - a scroll of poison {unknown}
 g - a scroll of magic mapping {unknown}
 i - 3 scrolls of brand weapon {unknown}
 l - a scroll of noise {unknown}
 n - 2 scrolls of teleportation {unknown}
Potions
 d - 2 potions of might
 j - 3 potions of mutation
 o - a potion of degeneration
 p - a potion of curing
 q - 3 potions of attraction


   Skills:
 + Level 3.5 Fighting
 + Level 3.2 Axes
 + Level 0.2 Ranged Weapons
 + Level 3.1 Armour
 + Level 0.9 Dodging
 + Level 0.1 Stealth
 + Level 3.0 Shields


You had 3 spell levels left.
You didn't know any spells.
Your spell library contained the following spells:

 Spells                   Type           Power      Damage    Failure   Level
 Magic Dart               Conj           0%         1d3       87%         1
 Call Imp                 Summ           0%         N/A       95%         2
 Mephitic Cloud           Conj/Pois/Air  0%         N/A       99%         3
 Ozocubu's Armour         Ice            0%         N/A       99%         3
 Ozocubu's Refrigeration  Ice            0%         4d7       100%        7


Dungeon Overview and Level Annotations

Branches:
Dungeon (3/15)

Altars:
Ashenzari

Shops:
D:1 (

Annotations:
D:3 gregwegmann's ghost, amateur GrFi


Innate Abilities, Weirdness & Mutations

You have a pair of small horns on your head.
You are partially covered in icy blue scales. (AC +2)
You have sharp fingernails.
You are agile. (Dex +4, Str/Int -1)


Message History

Gregwegmann's ghost is heavily damaged.
Gregwegmann's ghost hits you!
You barely miss gregwegmann's ghost.
Your headbutt misses gregwegmann's ghost.
Gregwegmann's ghost is heavily damaged.
Gregwegmann's ghost barely misses you.
Gregwegmann's ghost hits you but does no damage.
You hit gregwegmann's ghost but do no damage.
Your headbutt misses gregwegmann's ghost.
Gregwegmann's ghost is heavily damaged.
Gregwegmann's ghost barely misses you.
You barely miss gregwegmann's ghost.
Gregwegmann's ghost is heavily damaged.
Gregwegmann's ghost hits you.
You barely miss gregwegmann's ghost.
Gregwegmann's ghost is heavily damaged.
Gregwegmann's ghost hits you!
* * * LOW HITPOINT WARNING * * *
Gregwegmann's ghost hits you but does no damage.
You feel much better.
Gregwegmann's ghost hits you but does no damage.
You slash gregwegmann's ghost!
Gregwegmann's ghost is almost destroyed.
You block gregwegmann's ghost's attack.
You hit gregwegmann's ghost but do no damage.
Gregwegmann's ghost is almost destroyed.
Gregwegmann's ghost closely misses you. Gregwegmann's ghost hits you!
You hit gregwegmann's ghost but do no damage.
You headbutt gregwegmann's ghost, but do no damage.
Gregwegmann's ghost is almost destroyed.
Gregwegmann's ghost barely misses you.
You hit gregwegmann's ghost but do no damage.
Gregwegmann's ghost is almost destroyed.
Gregwegmann's ghost hits you!
* * * LOW HITPOINT WARNING * * *
You barely miss gregwegmann's ghost.
You headbutt gregwegmann's ghost, but do no damage.
Gregwegmann's ghost is almost destroyed.
Gregwegmann's ghost hits you!
You die...

.#
##..........#....
##...##..#......
##..###........
##..###........
...##...###...
##..#.#...##⌠##..
....#....##...##.
#.....##..?..##
####.@W...♣..⌠#
#...##..!..##
#.....##...##.
#..##...##⌠##..
#.# ##...###..
#>. ....... #.
##..... . ..###


You could see gregwegmann's ghost.

Vanquished Creatures
  An orc wizard (D:3)
  2 adders
  2 dart slugs (D:2)
  4 orcs
  6 bats (D:1)
  3 endoplasms
  2 giant cockroaches
  6 goblins
  6 hobgoblins
  6 jackals
  A quokka (D:3)
  11 ball pythons
  3 frilled lizards
  2 kobolds
  4 rats
59 creatures vanquished.

Notes
Turn   | Place    | Note
-------+----------+-------------------------------------------
     0 | D:1      | jlumianski the Demonspawn Fighter began the quest for the
                  | Orb.
     0 | D:1      | Reached XP level 1. HP: 18/18 MP: 1/1
    39 | D:1      | Found Jufatra's Weapon Emporium.
   129 | D:1      | Gained mutation: You are partially covered in icy blue
                  | scales. (AC +2) [demonic ancestry]
   129 | D:1      | Reached XP level 2. HP: 24/24 MP: 2/2
   593 | D:1      | Gained mutation: You have a pair of small horns on your
                  | head. [demonic ancestry]
   593 | D:1      | Reached XP level 3. HP: 29/29 MP: 3/3
  1434 | D:2      | Gained mutation: You are agile. (Dex +4, Str/Int -1)
                  | [potion of mutation]
  1434 | D:2      | Gained mutation: You have sharp fingernails. [potion of
                  | mutation]
  1472 | D:2      | Found a broken altar of Ashenzari.
  1611 | D:3      | Reached XP level 4. HP: 33/35 MP: 4/4
  1900 | D:3      | Noticed gregwegmann's ghost (amateur GrFi)
  1901 | D:3      | Found a runed translucent door.
  1922 | D:3      | Slain by gregwegmann's ghost

Illustrated notes

Levels and vault maps discovered:
D:1:      psy_arrival_statuary, layout_basic, serial_shops, nicolae_shop_trees
D:2:      layout_rooms, basic_altar, minivault_14,
          amcnicky_mini_rare_corridor_liquid, minmay_misc_feat_cross
D:3:      layout_rooms, hellmonk_ghost_happy_afterlife,
          hangedman_decor_diamond_cutter, minivault_11

Skill      XL: |  1  2  3  4 |
---------------+-------------+-----
Axes           | 2 3 |  3.2
Shields        | 3 |  3.0
Armour         | 3 |  3.1
Fighting       | |  3.5
Ranged Weapons | |  0.2
Dodging        | |  0.9
Stealth        | |  0.1

Action                   |  1- 3 |  4- 6 || total
-------------------------+-------+-------++-------
Melee: War axe           |   112 |    35 ||   147
       Headbutt          |     3 |     9 ||    12
 Fire: Sling             |     4 |       ||     4
  Use: Scroll            |     3 |       ||     3
       Potion            |     2 |     1 ||     3
Armor: Scale mail        |    73 |    13 ||    86
Dodge: Dodged            |    68 |    17 ||    85
Block: Buckler           |    37 |     8 ||    45

Table legend: (Time is in decaauts)
 A = Elapsed time spent in this place.
 B = Non-inter-level travel time spent in this place.
 C = Inter-level travel time spent in this place.
 D = Time resting spent in this place.
 E = Time spent auto-exploring this place.
 F = Levels seen in this place.
 G = Mean time per level.
                   A        B        C        D        E       F      G
               +--------+--------+--------+--------+--------+-----+--------+
         Total |   1988 |   1973 |     15 |      0 |   1173 |   3 |  662.7 |
       Dungeon |   1988 |   1973 |     15 |      0 |   1173 |   3 |  662.7 |
               +--------+--------+--------+--------+--------+-----+--------+

Top non-repeatable levels by time:
     D:1: 939 daAuts
     D:2: 689 daAuts
     D:3: 359 daAuts
